 Dungeon Crawl Stone Soup version 0.25.0-9-g26727b657a (webtiles) character file.

Game seed: 4525894594910489941

128 gruber the Twirler (level 4, -10/37 HPs)
             Began as a Minotaur Gladiator on June 18, 2020.
             Mangled by a gnoll
             ... wielding a +0 flail
              (12 damage)
             ... on level 2 of the Dungeon.
             The game lasted 00:01:14 (1471 turns).

gruber the Twirler (Minotaur Gladiator)             Turns: 1471, Time: 00:01:15

Health: -10/37     AC:  4    Str: 19    XL:     4   Next: 87%
Magic:  3/3        EV: 13    Int:  5    God:
Gold:   21         SH:  0    Dex: 12    Spells: 3/3 levels left

rFire    . . .     SeeInvis .   a - +0 quarterstaff
rCold    . . .     Gourm    .   (shield currently unavailable)
rNeg     . . .     Faith    .   b - +0 leather armour
rPois    .         Spirit   .   c - +0 hat
rElec    .         Reflect  .   (no cloak)
rCorr    .         Harm     .   j - +0 pair of gloves
MR       .....                  (no boots)
Stlth    +.........             (no amulet)
HPRegen  0.12/turn              (no ring)
MPRegen  0.08/turn              (no ring)

@: lethally poisoned (-10 -> -11)
A: retaliatory headbutt, horns 2
a: no special abilities


You were on level 2 of the Dungeon.
You were not hungry.

You visited 1 branch of the dungeon, and saw 2 of its levels.

You collected 21 gold pieces.

Inventory:

Hand Weapons
 a - a +0 quarterstaff (weapon)
Missiles
 d - 3 throwing nets (quivered)
Armour
 b - a +0 leather armour (worn)
 c - a +0 hat (worn)
 j - a +0 pair of gloves (worn)
Scrolls
 e - 3 scrolls of teleportation {unknown}
 h - a scroll of immolation {unknown}
 k - a scroll of identify {unknown}
 l - a scroll of remove curse {unknown}
 m - a scroll of enchant weapon {unknown}
Potions
 i - a potion of magic {unknown}
Comestibles
 f - 3 rations
 g - 4 chunks of flesh


   Skills:
 - Level 2.4 Fighting
 + Level 6.8 Staves
 - Level 2.0 Throwing
 - Level 3.2 Dodging


You had 3 spell levels left.
You didn't know any spells.
Your spell library was empty.

Dungeon Overview and Level Annotations

Branches:
Dungeon (2/15)

Altars:
Makhleb


Innate Abilities, Weirdness & Mutations

You reflexively headbutt those who attack you in melee.
You have a pair of horns on your head.


Message History

You thump the ooze!
You kill the ooze!
You swing at nothing.
You feel sick.
You thump the gnoll! Your headbutt misses the gnoll.
The gnoll is heavily wounded.
The gnoll barely misses you.
You barely miss the gnoll.
The gnoll is heavily wounded.
The gnoll hits you.
* * * LOW HITPOINT WARNING * * *
You closely miss the gnoll. You headbutt the gnoll!
You kill the gnoll!
You barely miss the goblin. The goblin hits you but does no damage.
You sock the goblin!
You kill the goblin!
You feel sick.
You hit the gnoll.
The gnoll is heavily wounded.
The gnoll hits you with a +0 flail!
You die...

#..##.g.........'..#
#..##..g........####
#..)....g....'###
#(#######....'#
#.#..........##
#.'..........#
###.........## #
###.........######.#
...........>...g@..#
..........#.########
.............
.##.......... ##### .
##.........# #..<#
#...###...#######.###
.###...#
#...........#
.......#
#.....#######
####.#.# #.###.#


You could see a gnoll.

Vanquished Creatures
  A hound (D:2)
  2 gnolls (D:2)
  3 adders (D:2)
  2 oozes (D:2)
  A leopard gecko (D:2)
  2 giant cockroaches
  4 goblins
  4 hobgoblins
  3 jackals (D:2)
  8 kobolds
  A quokka (D:2)
  4 bats
  3 frilled lizards
  6 rats
44 creatures vanquished.

Notes
Turn   | Place    | Note
-------+----------+-------------------------------------------
     0 | D:1      | gruber the Minotaur Gladiator began the quest for the Orb.
     0 | D:1      | Reached XP level 1. HP: 18/18 MP: 0/0
   111 | D:1      | Reached skill level 4 in Staves
   153 | D:1      | Reached XP level 2. HP: 25/25 MP: 1/1
   975 | D:2      | Reached skill level 5 in Staves
   986 | D:2      | Reached XP level 3. HP: 30/30 MP: 2/2
  1230 | D:2      | Found a burning altar of Makhleb.
  1238 | D:2      | Reached skill level 6 in Staves
  1238 | D:2      | Reached XP level 4. HP: 27/37 MP: 3/3
  1471 | D:2      | Mangled by a gnoll

Illustrated notes

Levels and vault maps discovered:
D:1:      dpeg_arrival_prison, layout_basic
D:2:      layout_basic, cheibriados_altar_1, first_ration,
          makhleb_heckhound_becter

Skill      XL: |  1  2  3 |
---------------+----------+-----
Staves         | 4 5 6 |  6.8
Fighting       | |  2.4
Throwing       | |  2.0
Dodging        | |  3.2

Action                   |  1- 3 |  4- 6 || total
-------------------------+-------+-------++-------
Melee: Quarterstaff      |    64 |    30 ||    94
       Headbutt          |     6 |     4 ||    10
  Eat: Chunk             |     1 |     1 ||     2
Armor: Leather armour    |    22 |    10 ||    32
Dodge: Dodged            |    34 |    36 ||    70
